 Dungeon Crawl Stone Soup version 0.18-a0-1300-g6e8322c (webtiles) character file.

5 ololoev the Firebug (level 1, 10/10 HPs)
             Began as a Deep Elf Fire Elementalist on Feb 11, 2016.
             Was a Follower of Okawaru.
             Quit the game on level 2 of the Dungeon.
             The game lasted 00:01:26 (111 turns).

ololoev the Firebug (Deep Elf Fire Elementalist)     Turns: 111, Time: 00:01:26

Health: 10/10      AC:  2    Str:  5    XL:     1   Next: 66%
Magic:  5/6        EV: 13    Int: 19    God:    Okawaru [*.....]
Gold:   36         SH:  0    Dex: 15    Spells: 1 memorised, 5 levels left

rFire  . . .     SeeInvis .     (no weapon)
rCold  . . .     Gourm    .     a - +0 robe
rNeg   . . .     Faith    .     (no shield)
rPois  .         Spirit   .     (no helmet)
rElec  .         Dismiss  .     (no cloak)
rCorr  .         Reflect  .     (no gloves)
SustAt .         Harm     .     (no boots)
MR     .....                    g - amulet of regeneration
Stlth  ++........               (no ring)
                                (no ring)

@: not resistant to hostile enchantments, unstealthy
A: no striking features
a: Heroism, Renounce Religion

Inventory:

Armour
 a - a +0 robe (worn)
Jewellery
 g - an amulet of regeneration (around neck)
Scrolls
 e - a scroll of blinking {unknown}
 f - a scroll of enchant armour {unknown}
Potions
 d - a potion of haste {unknown}
Books
 b - a book of Flames

   Spells                             Type                      Level
   a - Flame Tongue                   Conjuration/Fire             1
   b - Throw Flame                    Conjuration/Fire             2
   c - Conjure Flame                  Conjuration/Fire             3
   d - Inner Flame                    Hexes/Fire                   3
   e - Sticky Flame                   Conjuration/Fire             4
   f - Fireball                       Conjuration/Fire             5
Comestibles
 c - a bread ration


   Skills:
 - Level 2.4 Dodging
 - Level 2.4 Stealth
 + Level 3.1 Spellcasting
 * Level 1.5 Conjurations
 + Level 3.4 Fire Magic


You had 5 spell levels left.
You knew the following spells:

 Your Spells              Type           Power        Failure   Level  Hunger
a - Flame Tongue          Conj/Fire      ##...        8%          1    None


You were on level 2 of the Dungeon.
You worshipped Okawaru.
Okawaru was aware of your devotion.
You were not hungry.

You visited 1 branch of the dungeon, and saw 2 of its levels.

You collected 36 gold pieces.

####### #.....#
######### #..#..#
........######.#@#
###........##...#......#
#.###.##..............
###.###.########.#.....#
.........(.......#.....#
#.........##### .#######
###.###.#.# .. # #.#)#
## #<#.#

Notes
Turn   | Place    | Note
--------------------------------------------------------------
     0 | D:1      | ololoev the Deep Elf Fire Elementalist began the quest for the Orb.
     0 | D:1      | Reached XP level 1. HP: 10/10 MP: 6/6
   105 | D:2      | Found a faded altar to an unknown god.
   111 | D:2      | Became a worshipper of Warmaster Okawaru
   111 | D:2      | Reached * piety under Okawaru
   111 | D:2      | Quit the game

Dungeon Overview and Level Annotations

Branches:
Dungeon (2/15)

Altars:
Okawaru


Message History

(D) Dungeon
Where to? (? - help)
There is a stone staircase leading down here.
You climb downwards.
A giant cockroach comes into view.
Found a scroll labeled MEUMESOTET.
There is a stone staircase leading up here.
Casting: Flame Tongue
Confirm with . or Enter, or press ? or * to list all spells.
Aiming: Flame Tongue
Press: ? - help, Shift-Dir - straight line, f - giant cockroach
Aim: a giant cockroach The flame tongue misses the giant cockroach.
The giant cockroach barely misses you.
Casting: Flame Tongue
Confirm with . or Enter, or press ? or * to list all spells.
Aiming: Flame Tongue
Press: ? - help, Shift-Dir - straight line, f/p - giant cockroach
Aim: a giant cockroach The flame tongue hits the giant cockroach.
You kill the giant cockroach!
Found 23 stones.
e - a scroll labeled MEUMESOTET
Found a scroll labeled IGON ODWAPT.
Found a flail.
Found a dented zirconium amulet.
f - a scroll labeled IGON ODWAPT
g - a dented zirconium amulet Put on which piece of jewellery? (? for menu, Esc to quit)
You sense that the amulet cannot attune itself to your injured body.
g - an amulet of regeneration (around neck)
Your amulet attunes itself to your body and you begin to regenerate more quickly.
Found a faded altar to an unknown god.
There is a faded altar to an unknown god here.
This altar will convert you to a god.
You cannot discern which.
Do you pray? Okawaru accepts your prayer! Okawaru welcomes you!
You can now gain great but temporary skills.
Unknown command.
Are you sure you want to abandon this character and quit the game? (Confirm with "yes".)

There were no monsters in sight!

Vanquished Creatures
  2 bats (D:1)
  2 giant cockroaches
  A rat (D:1)
5 creatures vanquished.

Action                   || total
-------------------------++-------
Melee: Unarmed           ||    11
 Cast: Flame Tongue      ||     9

Vault maps used:
D:1:      shiori_arrival_maze
D:2:      lemuel_coloured_pillars_altar, ecumenical_altar_1
